 Dungeon Crawl Stone Soup version 0.21-a0-552-g593960d (webtiles) character file.

1716 KeeTraxx the Insei (level 9, 0/55 HPs)
             Began as an Octopode Transmuter on Dec 17, 2017.
             Was a Believer of Makhleb.
             Slain by an iguana (8 damage)
             ... on level 6 of the Dungeon.
             The game lasted 00:14:21 (7364 turns).

KeeTraxx the Insei (Octopode Transmuter)            Turns: 7364, Time: 00:14:22

Health: 0/55       AC:  2    Str: 10    XL:     9   Next: 4%
Magic:  11/16      EV: 19    Int: 18    God:    Makhleb [**....]
Gold:   247        SH:  0    Dex: 17    Spells: 8/18 levels left

rFire    . . .     SeeInvis .     - Unarmed
rCold    . . .     Gourm    .   (shield currently unavailable)
rNeg     . . .     Faith    .   (helmet currently unavailable)
rPois    x         Spirit   .   (no amulet)
rElec    .         Reflect  .   (no ring)
rCorr    .         Harm     .   (no ring)
MR       .....                  (no ring)
Stlth    ++........             (no ring)
HPRegen  0.18/turn              (no ring)
MPRegen  0.15/turn              (no ring)
                                (no ring)
                                (no ring)

@: spider-form, starving
A: tiny, almost no armour, stealthy swim, (amphibious), 8 rings, (constrict 8)
a: End Transformation, Minor Destruction, Renounce Religion


You were on level 6 of the Dungeon.
You worshipped Makhleb.
Makhleb was pleased with you.
You were starving.
You were a venomous arachnid creature.
You visited 1 branch of the dungeon, and saw 6 of its levels.

You collected 247 gold pieces.

Inventory:

Missiles
 a - 39 arrows
 g - 146 stones (quivered)
 s - 6 javelins
Jewellery
 k - an uncursed amulet of faith
 A - an uncursed ring of poison resistance {unknown}
Wands
 j - a wand of flame (11)
 v - a wand of digging (27)
 w - a wand of iceblast (8)
 B - a wand of acid (5)
Scrolls
 d - a scroll of amnesia
 e - 7 scrolls of identify {unknown}
 f - a scroll of enchant weapon
 m - 2 scrolls of teleportation
 u - a scroll of immolation
 y - 4 scrolls of remove curse {unknown}
Potions
 i - 2 potions of curing
 n - a potion of heal wounds {unknown}
 o - 2 potions of flight {unknown}
 p - a potion of berserk rage {unknown}
 r - a potion of ambrosia {unknown}
 t - a potion of lignification {unknown}
 x - a potion of magic {unknown}
 z - a potion of brilliance {unknown}
Books
 b - a book of Changes

   Spells                             Type                      Level
   a - Beastly Appendage              Transmutation                1
   b - Sticks to Snakes               Transmutation                2
   c - Spider Form                    Transmutation/Poison         3
   d - Ice Form                       Ice/Transmutation            4
   e - Blade Hands                    Transmutation                5
Comestibles
 c - 3 bread rations
 h - a royal jelly
 l - 5 fruits
 q - 5 meat rations


   Skills:
 + Level 2.4 Fighting
 - Level 2.0 Dodging
 + Level 7.9 Unarmed Combat
 + Level 5.1 Spellcasting
 + Level 5.1 Transmutations
 * Level 3.0 Ice Magic
 - Level 2.0 Poison Magic
 * Level 1.4 Invocations


You had 8 spell levels left.
You knew the following spells:

 Your Spells              Type           Power        Failure   Level  Hunger
a - Beastly Appendage     Tmut           ###...       7%          1    None
b - Sticks to Snakes      Tmut           ###.....     10%         2    #......
c - Spider Form           Tmut/Pois      ###.......   22%         3    ##.....
d - Ice Form              Ice/Tmut       ###.....     45%         4    ####...


Dungeon Overview and Level Annotations

Branches:
Dungeon (6/15)             Temple (0/1) D:5

Altars:
Ashenzari
Makhleb
Okawaru
Sif Muna
Trog
Yredelemnul


Innate Abilities, Weirdness & Mutations

You cannot wear most types of armour.
You are very stealthy in the water. (Stealth+)
((You are amphibious.))
You can wear up to eight rings at the same time.
((You can use your tentacles to constrict eight enemies at once.))
((Your skin changes colour to match your surroundings (Stealth+).))
((Your rubbery body absorbs attacks. (AC +1, EV +1)))


Message History

Your transformation has ended.
You barely miss the orc. You grab the orc. You constrict the orc.
The iguana bites you!
* * * LOW HITPOINT WARNING * * *
The orc barely misses you.
Unknown command.
Casting: Spider Form
Confirm with . or Enter, or press ? or * to list all spells.
You turn into a venomous arachnid creature.
You lose your grip on the orc.
The orc warrior shouts!
You are starving!
The iguana closely misses you.
A wight comes into view.
It is wielding a dire flail of protection.
You hit the orc.
The orc is poisoned.
The orc is heavily wounded.
The orc closely misses you. The iguana closely misses you.
You hit the iguana but do no damage.
The iguana is poisoned.
The orc misses you. The orc warrior barely misses you. The iguana bites you!
You die...

......###.[# #..[###.#.### #..
...........# #[.[#...#...######..
#####.###.####..#..#####.........
#.# #......###[..#...#######. .
#.# #..###..#.##.#>### #.
#.###.###...........<<.# ..
#.........###.#o####### ##
#)##..###.## #.#o# #.....#.#
#.#s# #..###...# #.#l# ....#
#...####.#.####
..###.###.........((#
..#..:..#..#####.##(#
#.###.###..# #z##.# #...'.#....#
#.##.# ..###.o.z# #.##)#
#..o..##.# #.##.#


You could see an orc warrior, an iguana, a wight and an orc.

Vanquished Creatures
  Prince Ribbit (D:6)
  A water moccasin (D:6)
  A sky beast (D:5)
  An orc warrior (D:3)
  An ice beast (D:5)
  4 ogres
  A centaur (D:6)
  Blork the orc (D:6)
  A scorpion (D:6)
  A wight (D:6)
  2 hounds
  5 orc wizards
  Ijyb (D:3)
  Natasha (thrice) (D:3)
  A worker ant (D:4)
  3 gnolls (D:3)
  9 adders
  2 oozes
  2 worms
  3 dart slugs
  8 leopard geckos
  17 orcs
  A ball python (D:4)
  5 bats
  4 giant cockroaches
  9 goblins
  5 hobgoblins
  12 jackals
  A quokka (D:6)
  3 frilled lizards
  A goblin skeleton (D:4)
  5 kobolds
  2 quokka zombies (D:5)
  8 rats
  A spectral orc (D:4)
126 creatures vanquished.

Vanquished Creatures (collateral kills)
  An adder (D:2)
1 creature vanquished.

Grand Total: 127 creatures vanquished

Notes
Turn   | Place    | Note
-------+----------+-------------------------------------------
     0 | D:1      | KeeTraxx the Octopode Transmuter began the quest for the Orb.
     0 | D:1      | Reached XP level 1. HP: 13/13 MP: 3/3
   362 | D:1      | Reached XP level 2. HP: 18/18 MP: 3/5
   378 | D:1      | Learned a level 2 spell: Sticks to Snakes
   686 | D:1      | Reached XP level 3. HP: 12/23 MP: 4/6
   691 | D:1      | Learned a level 3 spell: Spider Form
  1097 | D:2      | Reached skill level 4 in Unarmed Combat
  1298 | D:2      | Reached skill level 1 in Poison Magic
  1377 | D:2      | Found a burning altar of Makhleb.
  1394 | D:2      | Reached XP level 4. HP: 11/28 MP: 3/7
  1691 | D:2      | Became a worshipper of Makhleb the Destroyer
  1843 | D:2      | Found a deep blue altar of Sif Muna.
  2154 | D:2      | Reached XP level 5. HP: 28/33 MP: 2/8
  3071 | D:3      | Noticed an orc warrior
  3075 | D:3      | Noticed Natasha
  3105 | D:3      | Killed an orc warrior
  3105 | D:3      | Reached skill level 5 in Unarmed Combat
  3105 | D:3      | Reached XP level 6. HP: 10/38 MP: 7/10
  3360 | D:3      | Killed Natasha
  3543 | D:3      | Noticed Ijyb
  3557 | D:3      | Killed Ijyb
  3661 | D:3      | Noticed Natasha
  3665 | D:3      | Killed Natasha
  3680 | D:3      | Found a bloodstained altar of Trog.
  4055 | D:3      | Noticed Natasha
  4068 | D:3      | Killed Natasha
  4111 | D:4      | Found a runed door.
  4111 | D:4      | Noticed a human
  4344 | D:4      | Reached XP level 7. HP: 30/43 MP: 9/12
  4517 | D:4      | Reached * piety under Makhleb
  4531 | D:4      | Found a basalt altar of Yredelemnul.
  4696 | D:4      | Reached skill level 6 in Unarmed Combat
  4860 | D:4      | Learned a level 4 spell: Ice Form
  5052 | D:4      | Found a basalt altar of Yredelemnul.
  5258 | D:5      | Entered Level 5 of the Dungeon
  5453 | D:5      | Reached skill level 1 in Ice Magic
  5592 | D:5      | Found a staircase to the Ecumenical Temple.
  5739 | D:5      | Found a shattered altar of Ashenzari.
  5929 | D:5      | Found an iron altar of Okawaru.
  6019 | D:5      | Reached XP level 8. HP: 41/50 MP: 10/14
  6451 | D:6      | Reached skill level 7 in Unarmed Combat
  6575 | D:6      | Noticed Prince Ribbit
  6592 | D:6      | Killed Prince Ribbit
  6592 | D:6      | Reached ** piety under Makhleb
  6644 | D:6      | Reached skill level 5 in Transmutations
  6941 | D:6      | Noticed Blork the orc
  6955 | D:6      | Killed Blork the orc
  6955 | D:6      | Reached skill level 5 in Spellcasting
  6955 | D:6      | Reached skill level 1 in Invocations
  7353 | D:6      | Reached XP level 9. HP: 17/55 MP: 13/16
  7364 | D:6      | Slain by an iguana

Vault maps used:
D:1:      arrival_zaba_pyramid, kennysheep_decorative_pillar
D:2:      led_sif_pool, makhleb_heckhound_becter
D:3:      marbit_many_paths, serial_forest, infiniplex_forest_end_1,
          infiniplex_forest_straight_2, infiniplex_forest_clump_small,
          infiniplex_forest_clump_medium, infiniplex_forest_lined_2,
          infiniplex_forest_clump_curved, infiniplex_forest_clump_medium,
          first_bread, kennysheep_generic_room_7, uniq_natasha,
          uniq_crazy_yiuf_cottage, uniq_ijyb
D:4:      yredelemnul_forgotten_temple_becter, hangedman_decor_growths,
          kennysheep_pointless_box, dk_yredelemnul_ordeal
D:5:      lemuel_doored_altar, okawaru_trees_1,
          minmay_temple_entry_statues_pillars, lemuel_old_faithful
D:6:      elyvilon_altar_5, minmay_a_box_with_orc_wizards_in_it,
          uniq_prince_ribbit1, uniq_sigmund, uniq_blork_the_orc

Skill      XL: |  1  2  3  4  5  6  7  8 |
---------------+-------------------------+-----
Unarmed Combat | 4 5 6 7 |  7.9
Poison Magic   | 1 2 |  2.0
Spellcasting   | 3 4 5 |  5.1
Transmutations | 3 4 5 |  5.1
Ice Magic      | 1 3 |  3.0
Fighting       | 2 |  2.4
Invocations    | 1 |  1.4
Dodging        | |  2.0

Action                   |  1- 3 |  4- 6 |  7- 9 || total
-------------------------+-------+-------+-------++-------
Melee: Unarmed           |    79 |   113 |   133 ||   325
       Constrict         |    14 |    28 |    18 ||    60
       Tentacles         |    10 |    15 |     6 ||    31
       Kick              |     7 |    18 |    14 ||    39
       Punch             |     1 |     3 |     2 ||     6
 Cast: Beastly Appendage |    12 |    19 |    11 ||    42
       Sticks to Snakes  |     1 |     2 |     1 ||     4
       Spider Form       |     1 |     5 |    15 ||    21
       Ice Form          |       |       |     1 ||     1
  Use: Scroll            |       |       |     8 ||     8
 Stab: Sleeping          |     6 |     3 |       ||     9
  Eat: Chunk             |     2 |    10 |     9 ||    21
Armor: Skin              |     4 |     4 |     3 ||    11
Dodge: Dodged            |    47 |    61 |    79 ||   187

Table legend:
 A = Spawn XP
 B = Non-spawn XP
 C = Spawn XP percentage of total XP
 D = Spawn monster count
 E = Non-spawn monster count
 F = Spawn count percentage of total count
 G = Total turns spent on level
                    A         B        C        D         E        F      G
               +---------+---------+-------+---------+---------+-------+---------
         Total |       0 |    2452 |   0.0 |       0 |     127 |   0.0 |  7364
               +---------+---------+-------+---------+---------+-------+---------
           D:1 |       0 |      38 |   0.0 |       0 |      16 |   0.0 |   898
           D:2 |       0 |     131 |   0.0 |       0 |      28 |   0.0 |  1638
           D:3 |       0 |     383 |   0.0 |       0 |      33 |   0.0 |  1596
           D:4 |       0 |     315 |   0.0 |       0 |      17 |   0.0 |  1156
           D:5 |       0 |     457 |   0.0 |       0 |      14 |   0.0 |  1536
           D:6 |       0 |    1128 |   0.0 |       0 |      19 |   0.0 |   540
               +---------+---------+-------+---------+---------+-------+---------
